Remparts vs Senators
Created - November 28, 2019 at 22:39
Goals
|
Remparts |
3 |
3 |
2 |
8 |
Senators |
0 |
0 |
1 |
1 |
|
Shots
|
Remparts |
14 |
18 |
10 |
42 |
Senators |
13 |
8 |
13 |
34 |
|
1st period
1. Remparts , Nail Yakupov 8 (Max Reinhart 8) at 0:45
2. Remparts , Cédric Lalonde-McNicoll 5 (Brendan Perlini 4, Guillaume Desbiens 6) at 9:37
3. Remparts , Guillaume Desbiens 11 (Cédric Lalonde-McNicoll 8) at 16:57
Penalties :
Ryan Strome (Que) for High sticking (Minor) at 5:35, Mason Geertsen (BIN) for Checking from behind (Minor) at 12:37
2nd period
4. Remparts , Cédric Lalonde-McNicoll 6 (Guillaume Desbiens 7, Viktor Baldayev 4) at 0:49
5. Remparts , Pontus Aberg 5 (Ryan Strome 9, William Colbert 3) at 6:50
6. Remparts , Jake Virtanen 4 (Roberts Lipsbergs 1, Nelson Nogier 1) at 13:11
Penalties :
Patrick Maroon (BIN) for Tripping (Minor) at 16:24
3rd period
7. Senators , Tomas Jurco 6 (Adam Ollas-Mattsson 3, Chandler Stephenson 8) at 2:48 (PP)
8. Remparts , Brendan Perlini 2 (Guillaume Desbiens 8, Cédric Lalonde-McNicoll 9) at 5:48
9. Remparts , Nail Yakupov 9 (Max Reinhart 9, Matt Puempel 3) at 9:43
Penalties :
Brendan Perlini (Que) for Hooking (Minor) at 1:47, William Colbert (Que) for Hooking (Minor) at 2:10, Adam Ollas-Mattsson (BIN) for Hooking (Minor) at 7:09
Goalie Stats
Garret Sparks (Que), 33 saves from 34 shots - (0.971), W, 1-1-0, 60:00 minutes
Justin Peters (BIN), 13 saves from 17 shots - (0.765), L, 6-6-0, 20:49 minutes
Stephon Williams (BIN), 21 saves from 25 shots - (0.840), 39:11 minutes
Players Stats for Remparts
Player Name G A P +/- PIM S H SB GA TA FO MP PP MP PK MP
------------------------------------------------------------------------------------
Brendan Perlini 1 1 2 4 2 4 1 0 0 0 1/3 19:07 2:49 0:00
Cédric Lalonde-McNicoll 2 2 4 4 0 9 2 0 0 0 5/11 19:54 2:49 0:46
Guillaume Desbiens 1 3 4 4 0 5 2 0 0 0 0/0 19:54 2:49 0:46
Jake Virtanen 1 0 1 1 0 1 0 0 0 0 0/0 13:05 0:00 1:26
Keaton Thompson 0 0 0 3 0 2 3 2 0 0 0/0 20:23 1:45 1:27
Matt Puempel 0 1 1 2 0 0 4 0 0 0 1/1 8:48 0:00 0:00
Max Reinhart 0 2 2 3 0 3 2 1 2 2 24/40 26:41 3:08 3:02
Michal Jordan 0 0 0 2 0 0 0 1 1 1 0/0 27:19 3:19 1:46
Mitchell Heard 0 0 0 1 0 3 2 0 0 0 2/3 11:44 0:00 0:18
Nail Yakupov 2 0 2 2 0 2 0 1 0 0 0/0 8:48 0:00 0:00
Nelson Nogier 0 1 1 3 0 1 1 1 0 2 0/0 13:10 0:00 0:09
Niklas Hansson 0 0 0 3 0 3 1 1 0 1 0/0 21:30 2:38 2:58
Pontus Aberg 1 0 1 1 0 2 1 0 0 1 0/1 16:04 3:08 0:00
Roberts Lipsbergs 0 1 1 1 0 0 3 0 0 0 1/1 12:34 0:00 0:31
Ryan Strome 0 1 1 1 2 3 4 1 0 0 0/1 18:05 3:08 1:15
Sam Reinhart 0 0 0 0 0 0 0 0 0 0 0/0 1:26 0:00 0:00
Viktor Baldayev 0 1 1 2 0 1 1 0 0 0 0/0 9:28 0:53 0:48
William Colbert 0 1 1 3 2 3 2 0 0 0 0/0 26:57 3:19 1:33
Players Stats for Senators
Player Name G A P +/- PIM S H SB GA TA FO MP PP MP PK MP
------------------------------------------------------------------------------------
Adam Ollas-Mattsson 0 1 1 -3 2 2 2 1 0 0 0/0 25:05 2:37 1:48
Blake Coleman 0 0 0 -2 0 0 0 0 0 0 4/8 10:58 0:00 0:00
Brett Bulmer 0 0 0 -1 0 0 0 0 0 0 0/0 1:41 0:00 0:00
Chandler Stephenson 0 1 1 -3 0 0 1 1 0 0 1/9 16:51 1:23 0:08
Dylan Blujus 0 0 0 0 0 2 3 1 0 0 0/0 30:26 3:14 3:51
Grant Besse 0 0 0 -1 0 2 0 0 0 1 0/0 9:25 0:00 0:00
Jack Dougherty 0 0 0 -4 0 4 1 0 0 1 0/0 24:31 1:07 2:05
Jan Mursak 0 0 0 -2 0 2 0 0 1 1 1/2 19:43 1:23 2:22
Mason Geertsen 0 0 0 -7 2 5 2 1 0 0 0/0 26:36 1:07 2:39
Matt Frattin 0 0 0 -3 0 3 1 1 3 0 0/0 21:24 2:58 3:15
Maxim Letunov 0 0 0 -1 0 2 2 0 0 0 4/4 7:56 0:00 0:00
Michal Repik 0 0 0 -2 0 5 2 0 0 0 2/2 13:28 0:00 1:22
Nick Foligno 0 0 0 -3 0 0 1 1 1 0 3/6 21:20 2:58 3:12
Patrick Maroon 0 0 0 -2 2 3 1 1 0 0 0/0 12:04 0:00 0:00
Scott Harrington 0 0 0 0 0 2 0 0 1 0 0/0 3:53 0:37 0:00
Tomas Jurco 1 0 1 -2 0 2 4 0 0 0 1/2 17:25 1:23 1:32
Warren Foegele 0 0 0 -1 0 0 0 0 1 0 0/0 7:59 0:00 0:03
Zemgus Girgensons 0 0 0 -3 0 0 2 0 0 0 11/28 23:15 2:58 1:31
3 Stars
1 - Cédric Lalonde-McNicoll (Que)
2 - Guillaume Desbiens (Que)
3 - Nail Yakupov (Que)
Power Play
Remparts - 0 on 2 Attempt(s) - 0.00%
Senators - 1 on 4 Attempt(s) - 25.00%
Penalty Kill
Remparts - 3 on 4 Attempt(s) - 75.00%
- Score 0 goal in Penalty Kill
Senators - 2 on 2 Attempt(s) - 100.00%
- Score 0 goal in Penalty Kill
Team Stat
Remparts - Hits : 29 - Faceoff Wins : 34 - Blocked Shots : 8 - Penalty Minutes : 6
Senators - Hits : 22 - Faceoff Wins : 27 - Blocked Shots : 7 - Penalty Minutes : 6
Official
Referees : Unknown
Linesman : Unknown
Game Notes
Scott Harrington is injured at 6:39 of 1st period (Sports Hernia)
Stephon Williams enters game at 0:49 of 2nd period
Viktor Baldayev is injured at 6:40 of 2nd period (Broken Bone (Right Ankle))
7:47 of 2nd period - Penalty Shot by Niklas Hansson for Remparts - Stopped by Stephon Williams
Finance
Level 1 -- Attendance: 1318 (65.90%) -- Ticket Income $43,494
Level 2 -- Attendance: 658 (65.80%) -- Ticket Income $9,870
Total Attendance: 1976 (65.87%)
Total Ticket Income: $53,364
Other Income: $2,668
Total Income: $56,032
Remparts
5 vs 5 Forward
Center Left Wing Right Wing Time % Phy DF OF
1 Max Reinhart Pontus Aberg Ryan Strome 40 0 2 3
2 Cédric Lalonde-McNicoll Brendan Perlini Guillaume Desbiens 30 0 2 3
3 Max Reinhart Matt Puempel Nail Yakupov 20 0 2 3
4 Mitchell Heard Roberts Lipsbergs Jake Virtanen 10 1 2 2
5 vs 5 Defense
Defense Defense Time % Phy DF OF
1 William Colbert Michal Jordan 40 0 2 3
2 Niklas Hansson Viktor Baldayev 30 1 2 2
3 Keaton Thompson Nelson Nogier 20 1 2 2
4 William Colbert Michal Jordan 10 1 2 2
PowerPlay Forward
Center Left Wing Right Wing Time % Phy DF OF
1 Max Reinhart Pontus Aberg Ryan Strome 60 0 0 4
2 Cédric Lalonde-McNicoll Brendan Perlini Guillaume Desbiens 40 0 1 4
PowerPlay Defense
Defense Defense Time % Phy DF OF
1 William Colbert Michal Jordan 60 0 2 3
2 Niklas Hansson Viktor Baldayev 40 0 2 3
Penalty Kill 4 Players Forward
Center Wing Time % Phy DF OF
1 Max Reinhart Ryan Strome 60 1 3 1
2 Cédric Lalonde-McNicoll Guillaume Desbiens 40 1 3 1
Penalty Kill 4 Players Defense
Defense Defense Time % Phy DF OF
1 William Colbert Niklas Hansson 60 1 4 0
2 Viktor Baldayev Michal Jordan 40 1 4 0
Penalty Kill - 3 Players Forward
Forward Time % Phy DF OF
1 Max Reinhart 60 1 3 1
2 Ryan Strome 40 1 3 1
Penalty Kill - 3 Players Defense
Defense Defense Time % Phy DF OF
1 William Colbert Niklas Hansson 60 1 4 0
2 Viktor Baldayev Michal Jordan 40 1 4 0
4 vs 4 Forward
Center Wing Time % Phy DF OF
1 Max Reinhart Ryan Strome 60 0 2 3
2 Cédric Lalonde-McNicoll Pontus Aberg 40 0 2 3
4 vs 4 Defense
Defense Defense Time % Phy DF OF
1 William Colbert Michal Jordan 60 0 3 2
2 Niklas Hansson Viktor Baldayev 40 0 3 2
Last Minutes Offensive
Center Left Wing Right Wing Defense Defense
Max Reinhart Pontus Aberg Ryan Strome Michal Jordan William Colbert
Last Minutes Defensive
Center Left Wing Right Wing Defense Defense
Max Reinhart Pontus Aberg Ryan Strome William Colbert Niklas Hansson
Goaltenders
Starting : Garret Sparks
Backup : Igor Bobkov
Extra Forwards
Normal : Sam Reinhart, Ryan Strome, Max Reinhart - PP : Sam Reinhart, Ryan Strome - PK : Jake Virtanen
Extra Defensemen
Normal : Michal Jordan, William Colbert, Niklas Hansson - PP : Viktor Baldayev - PK : Viktor Baldayev, William Colbert
Penalty Shots
Max Reinhart, Pontus Aberg, Guillaume Desbiens, Nail Yakupov, Ryan Strome
Scratches
Juuso Ikonen (Healthy), Michael Downing (Healthy), Colin Smith (Healthy), Kyle Platzer (Healthy), Connor Honey (Healthy)
Anton Zlobin (Healthy), Tim Bozon (Healthy), Marek Langhamer (Healthy)
Senators
5 vs 5 Forward
Center Left Wing Right Wing Time % Phy DF OF
1 Zemgus Girgensons Nick Foligno Matt Frattin 40 1 2 2
2 Chandler Stephenson Jan Mursak Tomas Jurco 30 1 2 2
3 Blake Coleman Patrick Maroon Michal Repik 20 1 2 2
4 Maxim Letunov Warren Foegele Grant Besse 10 1 2 2
5 vs 5 Defense
Defense Defense Time % Phy DF OF
1 Scott Harrington Dylan Blujus 40 1 2 2
2 Jack Dougherty Mason Geertsen 30 1 2 2
3 Adam Ollas-Mattsson Scott Harrington 20 1 2 2
4 Dylan Blujus Jack Dougherty 10 1 2 2
PowerPlay Forward
Center Left Wing Right Wing Time % Phy DF OF
1 Zemgus Girgensons Nick Foligno Matt Frattin 60 1 2 2
2 Chandler Stephenson Jan Mursak Tomas Jurco 40 1 2 2
PowerPlay Defense
Defense Defense Time % Phy DF OF
1 Scott Harrington Dylan Blujus 60 1 2 2
2 Jack Dougherty Mason Geertsen 40 1 2 2
Penalty Kill 4 Players Forward
Center Wing Time % Phy DF OF
1 Nick Foligno Matt Frattin 60 1 2 2
2 Jan Mursak Tomas Jurco 40 1 2 2
Penalty Kill 4 Players Defense
Defense Defense Time % Phy DF OF
1 Scott Harrington Dylan Blujus 60 1 2 2
2 Jack Dougherty Mason Geertsen 40 1 2 2
Penalty Kill - 3 Players Forward
Forward Time % Phy DF OF
1 Nick Foligno 60 1 2 2
2 Matt Frattin 40 1 2 2
Penalty Kill - 3 Players Defense
Defense Defense Time % Phy DF OF
1 Scott Harrington Dylan Blujus 60 1 2 2
2 Jack Dougherty Mason Geertsen 40 1 2 2
4 vs 4 Forward
Center Wing Time % Phy DF OF
1 Nick Foligno Matt Frattin 60 1 2 2
2 Jan Mursak Tomas Jurco 40 1 2 2
4 vs 4 Defense
Defense Defense Time % Phy DF OF
1 Scott Harrington Dylan Blujus 60 1 2 2
2 Jack Dougherty Mason Geertsen 40 1 2 2
Last Minutes Offensive
Center Left Wing Right Wing Defense Defense
Zemgus Girgensons Nick Foligno Matt Frattin Scott Harrington Dylan Blujus
Last Minutes Defensive
Center Left Wing Right Wing Defense Defense
Zemgus Girgensons Nick Foligno Matt Frattin Scott Harrington Dylan Blujus
Goaltenders
Starting : Justin Peters
Backup : Stephon Williams
Extra Forwards
Normal : Brett Bulmer, Patrick Maroon, Michal Repik - PP : Brett Bulmer, Patrick Maroon - PK : Michal Repik
Extra Defensemen
Normal : Adam Ollas-Mattsson, Mason Geertsen, Scott Harrington - PP : Adam Ollas-Mattsson - PK : Mason Geertsen, Scott Harrington
Penalty Shots
Nick Foligno, Matt Frattin, Jan Mursak, Tomas Jurco, Patrick Maroon
Scratches
Andy Andreoff (Healthy), Keegan Lowe (Lower Body Injury), Jake Evans (Back Surgery Injury), Keven Bouchard (Healthy)
% Time on Ice - Remparts
Lines # - Real PCT - Wanted PCT - Time Play
Normal Forward
1 - 26% - 40% - 13:09
2 - 33% - 30% - 16:19
3 - 18% - 20% - 8:48
4 - 23% - 10% - 11:26
Normal Defense
1 - 38% - 40% - 18:54
2 - 37% - 30% - 18:27
3 - 22% - 20% - 10:59
4 - 3% - 10% - 1:22
PP Forward
1 - 53% - 60% - 3:08
2 - 47% - 40% - 2:49
PP Defense
1 - 56% - 60% - 3:19
2 - 44% - 40% - 2:38
PK Forward
1 - 79% - 60% - 2:57
2 - 21% - 40% - 0:46
PK Defense
1 - 73% - 60% - 2:43
2 - 27% - 40% - 1:00
PK3 Forward
1 - 100% - 60% - 0:38
2 - 0% - 40% - 0:00
PK3 Defense
1 - 63% - 60% - 0:24
2 - 37% - 40% - 0:14
44 Forward
1 - 0% - 60%
2 - 0% - 40%
44 Defense
1 - 0% - 60%
2 - 0% - 40%
Last Minute Offensive - 0:00
Last Minute Defensive - 0:00
Total
Forward - 60:00
Defense - 60:00
|
% Time on Ice - Senators
Lines # - Real PCT - Wanted PCT - Time Play
Normal Forward
1 - 34% - 40% - 16:39
2 - 29% - 30% - 14:30
3 - 21% - 20% - 10:37
4 - 16% - 10% - 7:56
Normal Defense
1 - 45% - 40% - 22:24
2 - 26% - 30% - 12:51
3 - 24% - 20% - 11:45
4 - 5% - 10% - 2:42
PP Forward
1 - 68% - 60% - 2:58
2 - 32% - 40% - 1:23
PP Defense
1 - 74% - 60% - 3:14
2 - 26% - 40% - 1:07
PK Forward
1 - 74% - 60% - 4:25
2 - 26% - 40% - 1:32
PK Defense
1 - 100% - 60% - 5:57
2 - 0% - 40% - 0:00
PK3 Forward
1 - 0% - 60%
2 - 0% - 40%
PK3 Defense
1 - 0% - 60%
2 - 0% - 40%
44 Forward
1 - 0% - 60%
2 - 0% - 40%
44 Defense
1 - 0% - 60%
2 - 0% - 40%
Last Minute Offensive - 0:00
Last Minute Defensive - 0:00
Total
Forward - 60:00
Defense - 60:00
|
Play-by-Play
1st period
0:01 of 1st period - Max Reinhart wins face-off versus Zemgus Girgensons in neutral zone.
0:04 of 1st period - Scott Harrington is hit by William Colbert and loses puck.
0:32 of 1st period - Snap shot by Jan Mursak.
0:32 of 1st period - Shot Misses the Net.
0:34 of 1st period - Slapshot by Jack Dougherty.
0:34 of 1st period - Stopped by Garret Sparks without a rebound.
0:35 of 1st period - Max Reinhart wins face-off versus Blake Coleman in Remparts zone.
0:35 of 1st period - Max Reinhart is hit by Mason Geertsen.
0:45 of 1st period - Snap shot by Nail Yakupov.
0:45 of 1st period - Goal by Nail Yakupov - Remparts : 1 - Senators : 0.
0:46 of 1st period - Maxim Letunov wins face-off versus Mitchell Heard in neutral zone.
0:57 of 1st period - Adam Ollas-Mattsson is hit by Keaton Thompson and loses puck.
1:02 of 1st period - Snap shot by Mitchell Heard.
1:02 of 1st period - Stopped by Justin Peters with a rebound.
1:12 of 1st period - Keaton Thompson is hit by Zemgus Girgensons and loses puck.
1:19 of 1st period - Wrist shot by Nick Foligno.
1:19 of 1st period - Deflect By Matt Frattin.
1:19 of 1st period - Shot Misses the Net.
1:19 of 1st period - Puck is out of play.
1:20 of 1st period - Max Reinhart wins face-off versus Chandler Stephenson in Remparts zone.
1:27 of 1st period - Snap shot by Tomas Jurco.
1:27 of 1st period - Shot Misses the Net.
1:29 of 1st period - Slapshot by Jack Dougherty.
1:29 of 1st period - Stopped by Garret Sparks with a rebound.
1:31 of 1st period - Slapshot by Dylan Blujus.
1:31 of 1st period - Stopped by Garret Sparks with a rebound.
1:50 of 1st period - Snap shot by Guillaume Desbiens.
1:50 of 1st period - Stopped by Justin Peters with a rebound.
1:52 of 1st period - Slapshot by Cédric Lalonde-McNicoll.
1:52 of 1st period - Stopped by Justin Peters with a rebound.
1:54 of 1st period - Snap shot by Cédric Lalonde-McNicoll.
1:54 of 1st period - Stopped by Justin Peters without a rebound.
1:55 of 1st period - Max Reinhart wins face-off versus Zemgus Girgensons in Senators zone.
1:58 of 1st period - Snap shot by Nail Yakupov.
1:58 of 1st period - Deflect By Matt Frattin.
1:58 of 1st period - Shot Misses the Net.
1:58 of 1st period - Puck is out of play.
1:59 of 1st period - Max Reinhart wins face-off versus Zemgus Girgensons in Senators zone.
2:02 of 1st period - Snap shot by Nail Yakupov.
2:02 of 1st period - Shot Misses the Net.
2:36 of 1st period - Snap shot by Jan Mursak.
2:36 of 1st period - Stopped by Garret Sparks with a rebound.
2:38 of 1st period - Wrist shot by Scott Harrington.
2:38 of 1st period - Stopped by Garret Sparks without a rebound.
2:39 of 1st period - Blake Coleman wins face-off versus Max Reinhart in Remparts zone.
3:04 of 1st period - Mason Geertsen is hit by Mitchell Heard and loses puck.
4:23 of 1st period - Ryan Strome is hit by Nick Foligno and loses puck.
4:56 of 1st period - Wrist shot by Matt Frattin.
4:56 of 1st period - Stopped by Garret Sparks with a rebound.
4:58 of 1st period - Slapshot by Scott Harrington.
4:58 of 1st period - Stopped by Garret Sparks without a rebound.
4:59 of 1st period - Max Reinhart wins face-off versus Chandler Stephenson in Remparts zone.
5:35 of 1st period - Minor Penalty to Ryan Strome for High sticking.
5:36 of 1st period - Max Reinhart wins face-off versus Zemgus Girgensons in Remparts zone.
5:54 of 1st period - William Colbert is hit by Chandler Stephenson and loses puck.
6:21 of 1st period - Viktor Baldayev is hit by Zemgus Girgensons and loses puck.
6:38 of 1st period - Scott Harrington is hit by Viktor Baldayev and loses puck.
6:39 of 1st period - Scott Harrington from Senators is injured at 6:39 of 1st period (Sports Hernia).
6:40 of 1st period - Zemgus Girgensons wins face-off versus Max Reinhart in Senators zone.
7:20 of 1st period - Snap shot by Cédric Lalonde-McNicoll.
7:20 of 1st period - Shot Misses the Net.
7:25 of 1st period - Off-side.
7:26 of 1st period - Max Reinhart wins face-off versus Chandler Stephenson in neutral zone.
7:35 of 1st period - Penalty to Ryan Strome is over, Ryan Strome is back on ice.
7:55 of 1st period - Slapshot by Cédric Lalonde-McNicoll.
7:55 of 1st period - Stopped by Justin Peters with a rebound.
8:23 of 1st period - Wrist shot by Grant Besse.
8:23 of 1st period - Stopped by Garret Sparks without a rebound.
8:24 of 1st period - Zemgus Girgensons wins face-off versus Pontus Aberg in Remparts zone.
8:29 of 1st period - Wrist shot by Matt Frattin.
8:29 of 1st period - Shot Blocked by Ryan Strome.
8:56 of 1st period - Slapshot by Cédric Lalonde-McNicoll.
8:56 of 1st period - Stopped by Justin Peters without a rebound.
8:57 of 1st period - Tomas Jurco wins face-off versus Max Reinhart in Senators zone.
9:04 of 1st period - Viktor Baldayev is hit by Tomas Jurco and loses puck.
9:17 of 1st period - Jan Mursak is hit by Ryan Strome.
9:35 of 1st period - Snap shot by Brendan Perlini.
9:35 of 1st period - Stopped by Justin Peters with a rebound.
9:37 of 1st period - Snap shot by Cédric Lalonde-McNicoll.
9:37 of 1st period - Goal by Cédric Lalonde-McNicoll - Remparts : 2 - Senators : 0.
9:38 of 1st period - Nick Foligno wins face-off versus Max Reinhart in neutral zone.
10:29 of 1st period - Snap shot by Patrick Maroon.
10:29 of 1st period - Shot Misses the Net.
10:31 of 1st period - Snap shot by Patrick Maroon.
10:31 of 1st period - Stopped by Garret Sparks without a rebound.
10:32 of 1st period - Max Reinhart wins face-off versus Blake Coleman in Remparts zone.
10:43 of 1st period - Snap shot by Michal Repik.
10:43 of 1st period - Shot Misses the Net.
10:45 of 1st period - Slapshot by Mason Geertsen.
10:45 of 1st period - Stopped by Garret Sparks without a rebound.
10:46 of 1st period - Max Reinhart wins face-off versus Zemgus Girgensons in Remparts zone.
11:17 of 1st period - Off-side.
11:18 of 1st period - Jan Mursak wins face-off versus Max Reinhart in neutral zone.
12:28 of 1st period - Snap shot by Grant Besse.
12:28 of 1st period - Shot Misses the Net.
12:30 of 1st period - Wrist shot by Mason Geertsen.
12:30 of 1st period - Deflect By Maxim Letunov.
12:30 of 1st period - Shot Misses the Net.
12:30 of 1st period - Puck is out of play.
12:31 of 1st period - Max Reinhart wins face-off versus Zemgus Girgensons in Remparts zone.
12:37 of 1st period - Minor Penalty to Mason Geertsen for Checking from behind.
12:38 of 1st period - Max Reinhart wins face-off versus Nick Foligno in Senators zone.
14:26 of 1st period - Michal Repik is hit by Guillaume Desbiens.
14:37 of 1st period - Penalty to Mason Geertsen is over, Mason Geertsen is back on ice.
14:47 of 1st period - Slapshot by Matt Frattin.
14:47 of 1st period - Stopped by Garret Sparks with a rebound.
14:57 of 1st period - Wrist shot by Mitchell Heard.
14:57 of 1st period - Stopped by Justin Peters with a rebound.
15:13 of 1st period - Zemgus Girgensons is hit by Keaton Thompson and loses puck.
15:22 of 1st period - Adam Ollas-Mattsson is hit by Keaton Thompson and loses puck.
15:39 of 1st period - Snap shot by Tomas Jurco.
15:39 of 1st period - Stopped by Garret Sparks with a rebound.
15:47 of 1st period - Snap shot by Sam Reinhart.
15:47 of 1st period - Shot Blocked by Patrick Maroon.
15:49 of 1st period - Slapshot by Nelson Nogier.
15:49 of 1st period - Stopped by Justin Peters without a rebound.
15:50 of 1st period - Blake Coleman wins face-off versus Cédric Lalonde-McNicoll in Senators zone.
16:27 of 1st period - Jack Dougherty is hit by Ryan Strome and loses puck.
16:57 of 1st period - Wrist shot by Guillaume Desbiens.
16:57 of 1st period - Goal by Guillaume Desbiens - Remparts : 3 - Senators : 0.
16:58 of 1st period - Chandler Stephenson wins face-off versus Ryan Strome in neutral zone.
17:10 of 1st period - Wrist shot by Chandler Stephenson.
17:10 of 1st period - Shot Misses the Net.
17:50 of 1st period - Snap shot by Michal Repik.
17:50 of 1st period - Shot Misses the Net.
17:52 of 1st period - Snap shot by Jack Dougherty.
17:52 of 1st period - Shot Misses the Net.
17:54 of 1st period - Slapshot by Mason Geertsen.
17:54 of 1st period - Stopped by Garret Sparks with a rebound.
17:56 of 1st period - Snap shot by Jack Dougherty.
17:56 of 1st period - Shot Misses the Net.
18:06 of 1st period - Dylan Blujus is hit by Matt Puempel and loses puck.
18:25 of 1st period - Snap shot by Guillaume Desbiens.
18:25 of 1st period - Stopped by Justin Peters without a rebound.
18:26 of 1st period - Cédric Lalonde-McNicoll wins face-off versus Chandler Stephenson in Senators zone.
18:43 of 1st period - Dylan Blujus is hit by William Colbert and loses puck.
19:23 of 1st period - Snap shot by Guillaume Desbiens.
19:23 of 1st period - Shot Misses the Net.
19:25 of 1st period - Wrist shot by Brendan Perlini.
19:25 of 1st period - Stopped by Justin Peters with a rebound.
Goals for this period are 3 for Remparts vs 0 for Senators.
Shots for this period are 14 for Remparts vs 13 for Senators.
2nd period
0:01 of 2nd period - Zemgus Girgensons wins face-off versus Max Reinhart in neutral zone.
0:06 of 2nd period - Snap shot by Matt Frattin.
0:06 of 2nd period - Stopped by Garret Sparks with a rebound.
0:13 of 2nd period - Off-side.
0:14 of 2nd period - Max Reinhart wins face-off versus Zemgus Girgensons in neutral zone.
0:43 of 2nd period - Wrist shot by Cédric Lalonde-McNicoll.
0:43 of 2nd period - Shot Misses the Net.
0:45 of 2nd period - Wrist shot by Viktor Baldayev.
0:45 of 2nd period - Stopped by Justin Peters with a rebound.
0:47 of 2nd period - Wrist shot by Guillaume Desbiens.
0:47 of 2nd period - Stopped by Justin Peters with a rebound.
0:49 of 2nd period - Snap shot by Cédric Lalonde-McNicoll.
0:49 of 2nd period - Goal by Cédric Lalonde-McNicoll - Remparts : 4 - Senators : 0.
0:49 of 2nd period - Stephon Williams enters game.
0:50 of 2nd period - Max Reinhart wins face-off versus Zemgus Girgensons in neutral zone.
1:25 of 2nd period - Wrist shot by Guillaume Desbiens.
1:25 of 2nd period - Shot Misses the Net.
1:34 of 2nd period - Off-side.
1:35 of 2nd period - Roberts Lipsbergs wins face-off versus Chandler Stephenson in neutral zone.
1:44 of 2nd period - Slapshot by Mitchell Heard.
1:44 of 2nd period - Shot Blocked by Chandler Stephenson.
1:46 of 2nd period - Slapshot by Michal Jordan.
1:46 of 2nd period - Shot Blocked by Adam Ollas-Mattsson.
1:48 of 2nd period - Snap shot by William Colbert.
1:48 of 2nd period - Stopped by Stephon Williams with a rebound.
1:50 of 2nd period - Slapshot by William Colbert.
1:50 of 2nd period - Stopped by Stephon Williams without a rebound.
1:51 of 2nd period - Zemgus Girgensons wins face-off versus Max Reinhart in Senators zone.
4:30 of 2nd period - Matt Frattin is hit by Ryan Strome and loses puck.
4:53 of 2nd period - Snap shot by Max Reinhart.
4:53 of 2nd period - Stopped by Stephon Williams without a rebound.
4:54 of 2nd period - Maxim Letunov wins face-off versus Max Reinhart in Senators zone.
4:59 of 2nd period - Viktor Baldayev is hit by Maxim Letunov and loses puck.
5:27 of 2nd period - Keaton Thompson is hit by Maxim Letunov and loses puck.
5:46 of 2nd period - Wrist shot by Grant Besse.
5:46 of 2nd period - Shot Blocked by Keaton Thompson.
5:48 of 2nd period - Wrist shot by Chandler Stephenson.
5:48 of 2nd period - Deflect By Maxim Letunov.
5:48 of 2nd period - Stopped by Garret Sparks without a rebound.
5:49 of 2nd period - Brendan Perlini wins face-off versus Zemgus Girgensons in Remparts zone.
6:39 of 2nd period - Viktor Baldayev is hit by Tomas Jurco and loses puck.
6:40 of 2nd period - Viktor Baldayev from Remparts is injured at 6:40 of 2nd period (Broken Bone (Right Ankle)).
6:41 of 2nd period - Max Reinhart wins face-off versus Zemgus Girgensons in Remparts zone.
6:48 of 2nd period - Snap shot by Ryan Strome.
6:48 of 2nd period - Shot Blocked by Matt Frattin.
6:50 of 2nd period - Snap shot by Pontus Aberg.
6:50 of 2nd period - Goal by Pontus Aberg - Remparts : 5 - Senators : 0.
6:51 of 2nd period - Max Reinhart wins face-off versus Zemgus Girgensons in neutral zone.
7:23 of 2nd period - Wrist shot by Cédric Lalonde-McNicoll.
7:23 of 2nd period - Stopped by Stephon Williams with a rebound.
7:25 of 2nd period - Slapshot by Niklas Hansson.
7:25 of 2nd period - Deflect By Guillaume Desbiens.
7:25 of 2nd period - Shot Misses the Net.
7:25 of 2nd period - Puck is out of play.
7:26 of 2nd period - Blake Coleman wins face-off versus Cédric Lalonde-McNicoll in Senators zone.
7:33 of 2nd period - Slapshot by Dylan Blujus.
7:33 of 2nd period - Deflect By Patrick Maroon.
7:33 of 2nd period - Stopped by Garret Sparks with a rebound.
7:37 of 2nd period - Backhand shot by Michal Repik.
7:37 of 2nd period - Stopped by Garret Sparks with a rebound.
7:39 of 2nd period - Wrist shot by Michal Repik.
7:39 of 2nd period - Shot Blocked by Keaton Thompson.
7:41 of 2nd period - Slapshot by Adam Ollas-Mattsson.
7:41 of 2nd period - Deflect By Michal Repik.
7:41 of 2nd period - Stopped by Garret Sparks with a rebound.
7:47 of 2nd period - Penalty Shot by Niklas Hansson for Remparts.
7:47 of 2nd period - Snap shot by Niklas Hansson.
7:47 of 2nd period - Stopped by Stephon Williams.
7:48 of 2nd period - Zemgus Girgensons wins face-off versus Max Reinhart in Remparts zone.
7:53 of 2nd period - Snap shot by William Colbert.
7:53 of 2nd period - Shot Blocked by Mason Geertsen.
7:55 of 2nd period - Snap shot by Pontus Aberg.
7:55 of 2nd period - Shot Misses the Net.
8:13 of 2nd period - Michal Jordan is hit by Jack Dougherty and loses puck.
8:32 of 2nd period - Wrist shot by Jan Mursak.
8:32 of 2nd period - Deflect By Michal Repik.
8:32 of 2nd period - Stopped by Garret Sparks with a rebound.
8:38 of 2nd period - Slapshot by Michal Repik.
8:38 of 2nd period - Stopped by Garret Sparks with a rebound.
8:40 of 2nd period - Snap shot by Mason Geertsen.
8:40 of 2nd period - Stopped by Garret Sparks with a rebound.
9:14 of 2nd period - William Colbert is hit by Matt Frattin and loses puck.
9:47 of 2nd period - Tomas Jurco is hit by Mitchell Heard and loses puck.
10:00 of 2nd period - Keaton Thompson is hit by Patrick Maroon and loses puck.
10:31 of 2nd period - Michal Jordan is hit by Dylan Blujus and loses puck.
11:05 of 2nd period - Guillaume Desbiens is hit by Michal Repik.
11:09 of 2nd period - Jack Dougherty is hit by Cédric Lalonde-McNicoll and loses puck.
11:48 of 2nd period - Chandler Stephenson is hit by Roberts Lipsbergs and loses puck.
12:32 of 2nd period - Keaton Thompson is hit by Tomas Jurco and loses puck.
12:43 of 2nd period - Warren Foegele is hit by Max Reinhart and loses puck.
12:50 of 2nd period - Keaton Thompson is hit by Dylan Blujus and loses puck.
13:11 of 2nd period - Snap shot by Jake Virtanen.
13:11 of 2nd period - Goal by Jake Virtanen - Remparts : 6 - Senators : 0.
13:12 of 2nd period - Cédric Lalonde-McNicoll wins face-off versus Zemgus Girgensons in neutral zone.
13:17 of 2nd period - Zemgus Girgensons is hit by Guillaume Desbiens and loses puck.
13:38 of 2nd period - Jan Mursak is hit by Roberts Lipsbergs and loses puck.
14:42 of 2nd period - Chandler Stephenson is hit by Niklas Hansson and loses puck.
15:19 of 2nd period - Wrist shot by Max Reinhart.
15:19 of 2nd period - Stopped by Stephon Williams with a rebound.
15:21 of 2nd period - Snap shot by Max Reinhart.
15:21 of 2nd period - Shot Misses the Net.
15:23 of 2nd period - Wrist shot by Keaton Thompson.
15:23 of 2nd period - Stopped by Stephon Williams without a rebound.
15:24 of 2nd period - Zemgus Girgensons wins face-off versus Brendan Perlini in Senators zone.
15:29 of 2nd period - William Colbert is hit by Dylan Blujus and loses puck.
15:33 of 2nd period - Icing by Guillaume Desbiens.
15:34 of 2nd period - Zemgus Girgensons wins face-off versus Brendan Perlini in Remparts zone.
16:13 of 2nd period - Snap shot by Cédric Lalonde-McNicoll.
16:13 of 2nd period - Stopped by Stephon Williams with a rebound.
16:15 of 2nd period - Wrist shot by Brendan Perlini.
16:15 of 2nd period - Stopped by Stephon Williams with a rebound.
16:17 of 2nd period - Snap shot by Cédric Lalonde-McNicoll.
16:17 of 2nd period - Stopped by Stephon Williams without a rebound.
16:18 of 2nd period - Mitchell Heard wins face-off versus Blake Coleman in Senators zone.
16:24 of 2nd period - Minor Penalty to Patrick Maroon for Tripping.
16:25 of 2nd period - Max Reinhart wins face-off versus Nick Foligno in Senators zone.
16:27 of 2nd period - Snap shot by Ryan Strome.
16:27 of 2nd period - Deflect By Max Reinhart.
16:27 of 2nd period - Shot Misses the Net.
16:27 of 2nd period - Puck is out of play.
16:28 of 2nd period - Nick Foligno wins face-off versus Max Reinhart in Senators zone.
16:44 of 2nd period - Snap shot by Max Reinhart.
16:44 of 2nd period - Stopped by Stephon Williams with a rebound.
16:58 of 2nd period - Snap shot by Cédric Lalonde-McNicoll.
16:58 of 2nd period - Shot Misses the Net.
17:00 of 2nd period - Slapshot by William Colbert.
17:00 of 2nd period - Stopped by Stephon Williams with a rebound.
17:04 of 2nd period - Snap shot by Guillaume Desbiens.
17:04 of 2nd period - Stopped by Stephon Williams with a rebound.
18:17 of 2nd period - Icing by Guillaume Desbiens.
18:18 of 2nd period - Michal Repik wins face-off versus Cédric Lalonde-McNicoll in Remparts zone.
18:24 of 2nd period - Penalty to Patrick Maroon is over, Patrick Maroon is back on ice.
19:20 of 2nd period - Wrist shot by Michal Repik.
19:20 of 2nd period - Shot Misses the Net.
19:22 of 2nd period - Slapshot by Zemgus Girgensons.
19:22 of 2nd period - Shot Blocked by Niklas Hansson.
19:51 of 2nd period - Wrist shot by Niklas Hansson.
19:51 of 2nd period - Stopped by Stephon Williams without a rebound.
19:52 of 2nd period - Maxim Letunov wins face-off versus Max Reinhart in Senators zone.
Goals for this period are 3 for Remparts vs 0 for Senators.
Shots for this period are 18 for Remparts vs 8 for Senators.
3rd period
0:01 of 3rd period - Max Reinhart wins face-off versus Zemgus Girgensons in neutral zone.
0:14 of 3rd period - Wrist shot by Pontus Aberg.
0:14 of 3rd period - Shot Misses the Net.
0:16 of 3rd period - Slapshot by Pontus Aberg.
0:16 of 3rd period - Stopped by Stephon Williams without a rebound.
0:17 of 3rd period - Michal Repik wins face-off versus Cédric Lalonde-McNicoll in Senators zone.
0:46 of 3rd period - Nick Foligno is hit by Max Reinhart and loses puck.
0:51 of 3rd period - Snap shot by Ryan Strome.
0:51 of 3rd period - Shot Blocked by Nick Foligno.
1:07 of 3rd period - Jack Dougherty is hit by Nelson Nogier and loses puck.
1:30 of 3rd period - Snap shot by Tomas Jurco.
1:30 of 3rd period - Shot Misses the Net.
1:32 of 3rd period - Slapshot by Jack Dougherty.
1:32 of 3rd period - Stopped by Garret Sparks with a rebound.
1:34 of 3rd period - Slapshot by Jack Dougherty.
1:34 of 3rd period - Stopped by Garret Sparks with a rebound.
1:36 of 3rd period - Slapshot by Mason Geertsen.
1:36 of 3rd period - Stopped by Garret Sparks without a rebound.
1:37 of 3rd period - Blake Coleman wins face-off versus Cédric Lalonde-McNicoll in Remparts zone.
1:47 of 3rd period - Minor Penalty to Brendan Perlini for Hooking.
1:48 of 3rd period - Zemgus Girgensons wins face-off versus Max Reinhart in Remparts zone.
2:10 of 3rd period - Minor Penalty to William Colbert for Hooking.
2:11 of 3rd period - Max Reinhart wins face-off versus Zemgus Girgensons in Remparts zone.
2:46 of 3rd period - Slapshot by Adam Ollas-Mattsson.
2:46 of 3rd period - Deflect By Max Reinhart.
2:46 of 3rd period - Stopped by Garret Sparks with a rebound.
2:48 of 3rd period - Snap shot by Tomas Jurco.
2:48 of 3rd period - Goal by Tomas Jurco - Remparts : 6 - Senators : 1.
2:49 of 3rd period - Max Reinhart wins face-off versus Zemgus Girgensons in neutral zone.
3:32 of 3rd period - Chandler Stephenson is hit by Cédric Lalonde-McNicoll and loses puck.
4:10 of 3rd period - Penalty to William Colbert is over, William Colbert is back on ice.
4:18 of 3rd period - Wrist shot by Patrick Maroon.
4:18 of 3rd period - Shot Blocked by Nelson Nogier.
4:50 of 3rd period - Dylan Blujus is hit by Matt Puempel and loses puck.
5:22 of 3rd period - Snap shot by Grant Besse.
5:22 of 3rd period - Stopped by Garret Sparks without a rebound.
5:23 of 3rd period - Maxim Letunov wins face-off versus Max Reinhart in Remparts zone.
5:33 of 3rd period - Mason Geertsen is hit by Matt Puempel.
5:40 of 3rd period - Icing by Adam Ollas-Mattsson.
5:41 of 3rd period - Cédric Lalonde-McNicoll wins face-off versus Zemgus Girgensons in Senators zone.
5:46 of 3rd period - Snap shot by Guillaume Desbiens.
5:46 of 3rd period - Shot Misses the Net.
5:48 of 3rd period - Wrist shot by Brendan Perlini.
5:48 of 3rd period - Goal by Brendan Perlini - Remparts : 7 - Senators : 1.
5:49 of 3rd period - Zemgus Girgensons wins face-off versus Max Reinhart in neutral zone.
6:20 of 3rd period - Guillaume Desbiens is hit by Tomas Jurco and loses puck.
6:25 of 3rd period - Slapshot by Jan Mursak.
6:25 of 3rd period - Stopped by Garret Sparks with a rebound.
6:47 of 3rd period - Wrist shot by Mitchell Heard.
6:47 of 3rd period - Stopped by Stephon Williams without a rebound.
6:48 of 3rd period - Max Reinhart wins face-off versus Zemgus Girgensons in Senators zone.
7:09 of 3rd period - Minor Penalty to Adam Ollas-Mattsson for Hooking.
7:10 of 3rd period - Nick Foligno wins face-off versus Max Reinhart in Senators zone.
8:05 of 3rd period - Icing by Guillaume Desbiens.
8:06 of 3rd period - Max Reinhart wins face-off versus Jan Mursak in Remparts zone.
8:13 of 3rd period - Slapshot by Keaton Thompson.
8:13 of 3rd period - Shot Misses the Net.
8:15 of 3rd period - Snap shot by Niklas Hansson.
8:15 of 3rd period - Stopped by Stephon Williams with a rebound.
8:17 of 3rd period - Wrist shot by Niklas Hansson.
8:17 of 3rd period - Stopped by Stephon Williams with a rebound.
8:19 of 3rd period - Snap shot by Ryan Strome.
8:19 of 3rd period - Shot Misses the Net.
8:21 of 3rd period - Wrist shot by Keaton Thompson.
8:21 of 3rd period - Deflect By Ryan Strome.
8:21 of 3rd period - Stopped by Stephon Williams with a rebound.
9:09 of 3rd period - Penalty to Adam Ollas-Mattsson is over, Adam Ollas-Mattsson is back on ice.
9:24 of 3rd period - Slapshot by Jake Virtanen.
9:24 of 3rd period - Shot Misses the Net.
9:26 of 3rd period - Snap shot by Michal Jordan.
9:26 of 3rd period - Shot Misses the Net.
9:28 of 3rd period - Wrist shot by Jake Virtanen.
9:28 of 3rd period - Shot Misses the Net.
9:39 of 3rd period - Off-side.
9:40 of 3rd period - Matt Puempel wins face-off versus Tomas Jurco in neutral zone.
9:43 of 3rd period - Wrist shot by Nail Yakupov.
9:43 of 3rd period - Goal by Nail Yakupov - Remparts : 8 - Senators : 1.
9:44 of 3rd period - Max Reinhart wins face-off versus Nick Foligno in neutral zone.
9:53 of 3rd period - Nelson Nogier is hit by Adam Ollas-Mattsson and loses puck.
10:23 of 3rd period - Snap shot by Michal Repik.
10:23 of 3rd period - Shot Blocked by Max Reinhart.
10:58 of 3rd period - Snap shot by Grant Besse.
10:58 of 3rd period - Shot Misses the Net.
11:00 of 3rd period - Slapshot by Maxim Letunov.
11:00 of 3rd period - Stopped by Garret Sparks without a rebound.
11:01 of 3rd period - Zemgus Girgensons wins face-off versus Cédric Lalonde-McNicoll in Remparts zone.
11:52 of 3rd period - Blake Coleman is hit by Ryan Strome and loses puck.
12:29 of 3rd period - Max Reinhart is hit by Adam Ollas-Mattsson and loses puck.
13:15 of 3rd period - Snap shot by Patrick Maroon.
13:15 of 3rd period - Stopped by Garret Sparks with a rebound.
13:40 of 3rd period - Snap shot by Grant Besse.
13:40 of 3rd period - Shot Blocked by Nail Yakupov.
14:27 of 3rd period - Chandler Stephenson is hit by Brendan Perlini and loses puck.
14:49 of 3rd period - Mason Geertsen is hit by Matt Puempel and loses puck.
15:20 of 3rd period - Michal Repik is hit by Pontus Aberg and loses puck.
15:31 of 3rd period - Blake Coleman is hit by Roberts Lipsbergs and loses puck.
15:47 of 3rd period - Nelson Nogier is hit by Mason Geertsen and loses puck.
15:57 of 3rd period - Icing by Michal Repik.
15:58 of 3rd period - Cédric Lalonde-McNicoll wins face-off versus Chandler Stephenson in Senators zone.
16:55 of 3rd period - Slapshot by Michal Repik.
16:55 of 3rd period - Stopped by Garret Sparks with a rebound.
16:57 of 3rd period - Slapshot by Adam Ollas-Mattsson.
16:57 of 3rd period - Stopped by Garret Sparks with a rebound.
17:08 of 3rd period - Icing by Michal Repik.
17:09 of 3rd period - Mitchell Heard wins face-off versus Blake Coleman in Senators zone.
17:20 of 3rd period - Snap shot by Patrick Maroon.
17:20 of 3rd period - Shot Misses the Net.
17:39 of 3rd period - Icing by Matt Frattin.
17:40 of 3rd period - Zemgus Girgensons wins face-off versus Max Reinhart in Senators zone.
17:53 of 3rd period - Slapshot by Dylan Blujus.
17:53 of 3rd period - Shot Blocked by Michal Jordan.
17:55 of 3rd period - Slapshot by Dylan Blujus.
17:55 of 3rd period - Stopped by Garret Sparks with a rebound.
17:57 of 3rd period - Snap shot by Mason Geertsen.
17:57 of 3rd period - Stopped by Garret Sparks without a rebound.
17:58 of 3rd period - Cédric Lalonde-McNicoll wins face-off versus Chandler Stephenson in Remparts zone.
18:26 of 3rd period - Snap shot by Ryan Strome.
18:26 of 3rd period - Stopped by Stephon Williams with a rebound.
18:30 of 3rd period - Snap shot by Max Reinhart.
18:30 of 3rd period - Shot Blocked by Dylan Blujus.
18:32 of 3rd period - Snap shot by Pontus Aberg.
18:32 of 3rd period - Shot Misses the Net.
18:34 of 3rd period - Wrist shot by Max Reinhart.
18:34 of 3rd period - Shot Misses the Net.
18:36 of 3rd period - Slapshot by Keaton Thompson.
18:36 of 3rd period - Stopped by Stephon Williams without a rebound.
18:37 of 3rd period - Max Reinhart wins face-off versus Chandler Stephenson in Senators zone.
18:38 of 3rd period - Slapshot by Ryan Strome.
18:38 of 3rd period - Deflect By Jan Mursak.
18:38 of 3rd period - Stopped by Stephon Williams with a rebound.
18:46 of 3rd period - Slapshot by William Colbert.
18:46 of 3rd period - Shot Misses the Net.
19:44 of 3rd period - Michal Jordan is hit by Michal Repik and loses puck.
Goals for this period are 2 for Remparts vs 1 for Senators.
Shots for this period are 10 for Remparts vs 13 for Senators.
Back to the Top